 Dungeon Crawl Stone Soup version 0.28.0-53-g5a82cb258f (webtiles) character file.

Game seed: 15827871971864419899

102 DocClef the Chopper (level 4, 0/58 HPs)
             Began as a Minotaur Fighter on July 3, 2022.
             Slain by Robin
             ... wielding a +5 vorpal spear
              (1 damage)
             ... on level 3 of the Dungeon.
             The game lasted 00:01:45 (2250 turns).

DocClef the Chopper (Minotaur Fighter)              Turns: 2250, Time: 00:01:45

Health: 0/58       AC:  6    Str: 23    XL:     4   Next: 49%
Magic:  3/3        EV:  9    Int:  5    God:
Gold:   77         SH:  4    Dex:  9    Spells: 3/3 levels left

rFire   . . .      SeeInvis +   a - +0 war axe
rCold   . . .      Faith    +   c - +0 buckler
rNeg    . . .      Spirit   .   b - +0 scale mail
rPois   .          Reflect  .   (helmet restricted)
rElec   .          Harm     .   (no cloak)
rCorr   .          Rampage  .   (no gloves)
Will    .....                   (no boots)
Stlth   ..........              f - amulet of faith
HPRegen 0.19/turn               h - ring of see invisible
MPRegen 0.08/turn               (no ring)

@: berserking, very quick
A: horns 2, retaliatory headbutt
a: no special abilities


You were on level 3 of the Dungeon.
You visited 1 branch of the dungeon, and saw 3 of its levels.

You collected 77 gold pieces.

Inventory:

Hand Weapons
 a - a +0 war axe (weapon)
Armour
 b - a +0 scale mail (worn)
 c - a +0 buckler (worn)
Jewellery
 f - an amulet of faith (around neck)
 h - a ring of see invisible (left hand)
 n - an amulet of reflection
Scrolls
 e - a scroll of noise {unknown}
 g - a scroll of holy word {unknown}
 i - 2 scrolls of fear {unknown}
 j - a scroll of teleportation {unknown}
 k - a scroll of fog {unknown}
 l - a scroll of identify {unknown}
Potions
 d - a potion of might


   Skills:
 - Level 3.6 Fighting
 + Level 5.8 Axes
 - Level 3.6 Armour
 - Level 3.6 Shields


You had 3 spell levels left.
You didn't know any spells.
Your spell library contained the following spells:

 Spells                   Type           Power      Damage    Failure   Level
 Magic Dart               Conj           0%         1d3       86%         1
 Call Imp                 Summ           0%         N/A       95%         2
 Mephitic Cloud           Conj/Pois/Air  0%         N/A       99%         3


Dungeon Overview and Level Annotations

Branches:
Dungeon (3/15)

Altars:
Fedhas

Annotations:
D:3 Robin


Innate Abilities, Weirdness & Mutations

You have a pair of horns on your head.
You reflexively headbutt those who attack you in melee.


Message History

You kill the goblin!
The bat barely misses you. You furiously retaliate!
You headbutt the bat!
You kill the bat!
You slash the endoplasm!
You kill the endoplasm!
Robin throws the goblin at you! The gnoll closely misses you.
The goblin hits you with a +0 club.
You hit the goblin.
You kill the goblin!
Robin closely misses you.
The gnoll hits you from afar with a +0 halberd!
Robin hits you but does no damage. The gnoll hits you with a +0 halberd.
Robin hits you with a +5 vorpal spear.
There is an open door here.
Things that are here:
a +0 club; a bat corpse; a goblin corpse You hit Robin but do no damage.
You headbutt Robin.
Robin is lightly wounded.
You slash the gnoll! The gnoll closely misses you.
Robin flexes a bicep menacingly.
You block Robin's attack. The gnoll barely misses you.
You hit the gnoll but do no damage.
The gnoll is severely wounded.
You hit Robin but do no damage. Robin hits you with a +5 vorpal spear.
The gnoll hits you but does no damage.
You are too injured to fight recklessly!
You barely miss the gnoll.
The gnoll is severely wounded.
You hit Robin. Robin hits you with a +5 vorpal spear.
* * * LOW HITPOINT WARNING * * *
x2 The gnoll hits you with a +0 halberd!
* * * LOW HITPOINT WARNING * * *
Unknown command.
You block Robin's attack. The gnoll closely misses you.
It was a potion of berserk rage.
A red film seems to cover your vision as you go berserk!
You feel yourself moving faster!
You feel mighty! Robin hits you with a +5 vorpal spear.
* * * LOW HITPOINT WARNING * * *
You die...

#.#
#..###.#)!.?$#..#
#.
#.##.###Z?..##..#
#.#..('J#####...#
#.##g###'##....##
#..#####rg##..##
#....#SrK.#..#
#)Kgg.?#..#
#g##r?##..#
#)@####...#
##........#
##########


You could see Robin, a gnoll, an adder, an endoplasm, 2 quokkas, 3 goblins, 2
kobolds, a rat and a quokka skeleton.

Vanquished Creatures
  5 adders
  3 worms
  6 endoplasms
  8 goblins
  5 hobgoblins
  A kobold (D:1)
  2 quokkas
  9 ball pythons
  2 bats (D:3)
  A frilled lizard (D:3)
  6 rats
48 creatures vanquished.

Notes
Turn   | Place    | Note
-------+----------+-------------------------------------------
     0 | D:1      | DocClef the Minotaur Fighter began the quest for the Orb.
     0 | D:1      | Reached XP level 1. HP: 19/19 MP: 0/0
   271 | D:1      | Reached skill level 3 in Axes
   498 | D:1      | Reached XP level 2. HP: 25/26 MP: 1/1
  1101 | D:2      | Reached skill level 4 in Axes
  1149 | D:2      | Reached XP level 3. HP: 24/31 MP: 2/2
  1322 | D:2      | Reached skill level 5 in Axes
  1461 | D:2      | Reached XP level 4. HP: 34/39 MP: 3/3
  2112 | D:3      | Found a blossoming altar of Fedhas.
  2165 | D:3      | Noticed Robin
  2250 | D:3      | HP: 1/58 [Robin/+5 vorpal spear (2)]
  2250 | D:3      | Slain by Robin

Illustrated notes

Levels and vault maps discovered:
D:1:      dpeg_arrival_houses_and_road, layout_loops_corners
D:2:      minmay_wonky_spiral, layout_loops_cross, amethyst_killhole
D:3:      layout_basic, mainiacjoe_overflow_alcove_4, fedhas_ov_isle_minmay,
          minmay_joined_circles, uniq_robin

Skill      XL: |  1  2  3 |
---------------+----------+-----
Axes           | 3 4 5 |  5.8
Fighting       | |  3.6
Armour         | |  3.6
Shields        | |  3.6

Action                   |  1- 3 |  4- 6 || total
-------------------------+-------+-------++-------
Melee: War axe           |    68 |    30 ||    98
       Headbutt          |     6 |     1 ||     7
  Use: Potion            |       |     1 ||     1
Armor: Scale mail        |    29 |    12 ||    41
Dodge: Dodged            |    27 |    12 ||    39
Block: Buckler           |    16 |     6 ||    22
